 Dungeon Crawl Stone Soup version 0.23.2-1-ga50397a6bc (webtiles) character file.

Game seed: 10545945574613335007

123 ApatheticPlayer the Sneak (level 4, -3/21 HPs)
             Began as a Spriggan Enchanter on May 17, 2019.
             Was an Initiate of Ashenzari.
             Slain by a worm (7 damage)
             ... on level 3 of the Dungeon.
             The game lasted 00:16:26 (3158 turns).

ApatheticPlayer the Sneak (Spriggan Enchanter)      Turns: 3158, Time: 00:16:26

Health: -3/21      AC:  2    Str:  4    XL:     4   Next: 79%
Magic:  6/9        EV: 18    Int: 16    God:    Ashenzari [......]
Gold:   127        SH:  0    Dex: 17    Spells: 6/9 levels left

rFire    . . .     SeeInvis +   s - +0 short sword
rCold    . . .     Gourm    .   (shield restricted)
rNeg     . . .     Faith    .   b - +0 robe
rPois    .         Spirit   .   (helmet restricted)
rElec    .         Reflect  .   (no cloak)
rCorr    .         Harm     .   (gloves unavailable)
MR       .....                  (boots unavailable)
Stlth    ++++......             (no amulet)
HPRegen  0.07/turn              (no ring)
MPRegen  0.11/turn              (no ring)

@: very quick
A: very small, unfitting armour, see invisible, herbivore, speed 3, slow
metabolism 2
a: Curse Item, Renounce Religion


You were on level 3 of the Dungeon.
You worshipped Ashenzari.
Ashenzari was noncommittal.
You were hungry.

You visited 1 branch of the dungeon, and saw 3 of its levels.

You collected 127 gold pieces.

Inventory:

Hand Weapons
 a - a +1 dagger
 s - a +0 short sword (weapon)
Armour
 b - a +0 robe (worn)
Wands
 k - a wand of flame (13)
 o - a wand of random effects (20)
Scrolls
 g - a scroll of amnesia
 j - a scroll of blinking {unknown}
 l - a scroll of identify {unknown}
 q - 2 scrolls of teleportation
 t - a scroll of immolation {unknown}
Potions
 c - a potion of agility {unknown}
 e - a potion of berserk rage {unknown}
 f - a potion of might
 h - a potion of brilliance {unknown}
 i - 3 potions of heal wounds {unknown}
 m - 2 potions of curing
 n - a potion of haste {unknown}
 p - a potion of lignification {unknown}
 r - a potion of flight {unknown}
 u - a potion of degeneration {unknown}
Comestibles
 d - 3 rations


   Skills:
 - Level 3.0 Short Blades
 - Level 3.0 Dodging
 + Level 7.2 Stealth
 - Level 3.0 Spellcasting
 - Level 3.6 Hexes


You had 6 spell levels left.
You knew the following spells:

 Your Spells              Type           Power        Failure   Level  Hunger
a - Corona                Hex            ##.....      4%          1    #......
b - Ensorcelled Hibernat  Hex/Ice        #.....       13%         2    ##.....

Your spell library contained the following spells:

 Spells                   Type           Power        Failure   Level  Hunger
 Confuse                  Hex            ##......     13%         3    ###....
 Tukima's Dance           Hex            ##......     13%         3    ###....
 Dazzling Spray           Conj/Hex       #.....       26%         3    ###....


Dungeon Overview and Level Annotations

Branches:
Dungeon (3/15)

Altars:
Ashenzari
Dithmenos
Elyvilon
Okawaru
Qazlal


Innate Abilities, Weirdness & Mutations

You are very small and have problems with some larger weapons.
You are too small for most types of armour.
You have supernaturally acute eyesight. (SInv)
You are a herbivore.
You cover ground extremely quickly.
You need to consume almost no food.


Message History

You hit the worm but do no damage.
The worm is moderately wounded.
You barely miss the worm.
The worm is moderately wounded.
The worm bites you.
You hit the worm.
The worm is moderately wounded.
You hit the worm.
The worm is heavily wounded.
The worm bites you.
You hit the worm but do no damage.
The worm is heavily wounded.
You hit the worm.
The worm is heavily wounded.
The worm bites you!
* * * LOW HITPOINT WARNING * * *
You hit the worm but do no damage.
The worm is heavily wounded.
The worm bites you!
You die...

.........)...............#
##########...............##.# #_#
#_####..#######....##.# #.##
##.#.....#.. #.^..##.# #..#
#..#.....#.# #....##.#
#..###..#.....#.# #....##.#
#...#...#.....#.# #........
#...#...#...w.#.# #..#.##..
##.......##..@.#.# #........
##.........##...#.# #...###..
##...8...8...##....# +...+....
##.............##..######.<.#####
#_..8...⌠...8...'........... #
##.............##........### #
##...8...8..[##†........# #
##.........###.........#
##.......## #...........


You could see a worm.

Vanquished Creatures
  A hound (D:2)
  A worker ant (D:3)
  An ooze (D:1)
  2 worms (D:2)
  3 dart slugs (D:1)
  2 leopard geckos (D:1)
  3 orcs (D:3)
  A ball python (D:1)
  6 bats
  2 giant cockroaches (D:1)
  3 goblins (D:1)
  6 hobgoblins
  4 jackals (D:1)
  4 frilled lizards
  3 kobolds
  6 rats
48 creatures vanquished.

Notes
Turn   | Place    | Note
-------+----------+-------------------------------------------
     0 | D:1      | ApatheticPlayer the Spriggan Enchanter began the quest for
                  | the Orb.
     0 | D:1      | Reached XP level 1. HP: 9/9 MP: 5/5
    84 | D:1      | Reached XP level 2. HP: 13/13 MP: 7/7
   841 | D:1      | Reached XP level 3. HP: 16/16 MP: 8/8
  1134 | D:1      | Reached skill level 5 in Stealth
  1248 | D:1      | Learned a level 2 spell: Ensorcelled Hibernation
  2014 | D:2      | Reached skill level 6 in Stealth
  2014 | D:2      | Reached XP level 4. HP: 21/21 MP: 9/9
  3037 | D:3      | Found a shadowy altar of Dithmenos.
  3042 | D:3      | Found a stormy altar of Qazlal.
  3053 | D:3      | Found an iron altar of Okawaru.
  3067 | D:3      | Found a white marble altar of Elyvilon.
  3080 | D:3      | Found a shattered altar of Ashenzari.
  3088 | D:3      | Became a worshipper of Ashenzari the Shackled
  3108 | D:3      | Reached skill level 7 in Stealth
  3158 | D:3      | Slain by a worm

Skill      XL: |  1  2  3  4 |
---------------+-------------+-----
Spellcasting   | 3 |  3.0
Short Blades   | 2 3 |  3.0
Stealth        | 6 7 |  7.2
Dodging        | |  3.0
Hexes          | |  3.6

Action                   |  1- 3 |  4- 6 || total
-------------------------+-------+-------++-------
Melee: Dagger            |   130 |     8 ||   138
       Short sword       |       |    26 ||    26
 Cast: Ensorcelled Hiber |     3 |    14 ||    17
       Corona            |     3 |       ||     3
  Use: Scroll            |     1 |     1 ||     2
       Potion            |     1 |     1 ||     2
 Stab: Sleeping          |    11 |    14 ||    25
Armor: Robe              |    12 |     2 ||    14
Dodge: Dodged            |   112 |    19 ||   131
